 Dungeon Crawl Stone Soup version 0.28.0-47-ge53b351184 (webtiles) character file.

Game seed: 9746274588210406403

46 Acheron the Ducker (level 3, 0/28 HPs)
             Began as a Minotaur Arcane Marksman on May 4, 2022.
             Succumbed to an adder's poison
             ... on level 3 of the Dungeon.
             The game lasted 00:06:44 (1822 turns).

Acheron the Ducker (Minotaur Arcane Marksman)       Turns: 1822, Time: 00:06:44

Health: 0/28       AC:  2    Str: 14    XL:     3   Next: 46%
Magic:  3/3        EV: 12    Int: 10    God:
Gold:   133        SH:  0    Dex: 12    Spells: 3/4 levels left

rFire   . . .      SeeInvis .   g - +0 whip (elec)
rCold   . . .      Faith    .   (no shield)
rNeg    + . .      Spirit   .   d - +0 robe
rPois   .          Reflect  .   (helmet restricted)
rElec   .          Harm     .   (no cloak)
rCorr   .          Rampage  .   (no gloves)
Will    .....                   (no boots)
Stlth   +.........              (no amulet)
HPRegen 0.09/turn               h - ring of positive energy
MPRegen 0.08/turn               (no ring)

@: lethally poisoned (0 -> -11)
A: horns 2, retaliatory headbutt
a: no special abilities


You were on level 3 of the Dungeon.
You visited 1 branch of the dungeon, and saw 3 of its levels.

You collected 133 gold pieces.

Inventory:

Hand Weapons
 a - a +0 hand crossbow
 g - a +0 whip of electrocution (weapon)
Missiles
 c - 28 bolts
 f - 17 stones (quivered)
 j - 31 sling bullets
Armour
 d - a +0 robe (worn)
Jewellery
 h - a ring of positive energy (left hand)
Scrolls
 b - 2 scrolls of noise {unknown}
 i - a scroll of summoning {unknown}
 l - a scroll of teleportation {unknown}
Potions
 k - a potion of degeneration {unknown}


   Skills:
 * Level 1.6 Fighting
 * Level 0.9 Maces & Flails
 * Level 2.6 Crossbows
 * Level 2.8 Dodging
 * Level 0.5 Stealth
 + Level 1.1 Spellcasting
 + Level 2.2 Hexes


You had 3 spell levels left.
You knew the following spells:

 Your Spells              Type           Power      Damage    Failure   Level
a - Slow                  Hex            20%        N/A       14%         1

Your spell library contained the following spells:

 Spells                   Type           Power      Damage    Failure   Level
 Static Discharge         Conj/Air       0%         N/A       45%         2
 Inner Flame              Hex/Fire       2%         N/A       54%         3
 Portal Projectile        Hex/Tloc       4%         N/A       54%         3
 Cause Fear               Hex            2%         N/A       80%         4
 Lightning Bolt           Conj/Air       0%         1d11      100%        5
 Maxwell's Capacitive Co  Air            0%         ∞         100%        8


Dungeon Overview and Level Annotations

Branches:
Dungeon (3/15)

Altars:


Innate Abilities, Weirdness & Mutations

You have a pair of horns on your head.
You reflexively headbutt those who attack you in melee.


Message History

You shoot a bolt. The bolt closely misses the adder.
The adder closely misses you.
Fire: 31 bolts
Press: ? - help, Q - select action, (/) - cycle Shift-Dir - straight line, f/p - adder
Aim: an adder (44% to hit)
You shoot a bolt. The bolt barely misses the adder.
The adder bites you. x2
Fire: 30 bolts
Press: ? - help, Q - select action, (/) - cycle Shift-Dir - straight line, f/p - adder
Aim: an adder (44% to hit)
You shoot a bolt. The bolt misses the adder.
The adder bites you. The adder barely misses you.
Fire: 29 bolts
Press: ? - help, Q - select action, (/) - cycle Shift-Dir - straight line, f/p - adder
Aim: an adder (44% to hit)
You shoot a bolt. The bolt hits the adder!
The adder is heavily wounded.
The adder bites you.
You are poisoned.
The adder poisons you! The adder barely misses you.
You hear the crackle of electricity.
g - a +0 whip of electrocution (weapon)
You feel sick.
You miss the adder. Your headbutt misses the adder.
The adder is heavily wounded.
You feel sick. The adder bites you. x2
You are more poisoned.
The adder poisons you!
You barely miss the adder.
The adder is heavily wounded.
You feel sick. The adder barely misses you.
You barely miss the adder.
The adder is heavily wounded.
* * * LOW HITPOINT WARNING * * *
You feel sick. The adder bites you.
* * * LOW HITPOINT WARNING * * *
You are more poisoned.
The adder poisons you!
It was a potion of magic.
Magic courses through your body.
You die...

#### #.. #S# ######+###
######@####........####
#..............>.......
#......................
#..................##..
#..................##..
#..................##..
#................(.##..
#...............#####..
#...............# #..


You could see an adder.

Vanquished Creatures
  2 dart slugs
  An orc (D:3)
  2 ball pythons
  4 endoplasms
  4 goblins
  5 hobgoblins
  6 jackals
  2 kobolds (D:2)
  2 bats (D:2)
  2 frilled lizards
  7 rats
37 creatures vanquished.

Notes
Turn   | Place    | Note
-------+----------+-------------------------------------------
     0 | D:1      | Acheron the Minotaur Arcane Marksman began the quest for
                  | the Orb.
     0 | D:1      | Reached XP level 1. HP: 16/16 MP: 1/1
   163 | D:1      | Reached XP level 2. HP: 23/23 MP: 2/2
  1224 | D:2      | Reached XP level 3. HP: 17/28 MP: 3/3
  1822 | D:3      | Succumbed to an adder's poison

Illustrated notes

Levels and vault maps discovered:
D:1:      shiori_arrival_maze, layout_loops_corners, hangedman_decor_points
D:2:      layout_basic, hellmonk_ecumenical_altar_heavens_door, uniq_natasha
D:3:      layout_basic

Action                   || total
-------------------------++-------
Melee: Whip              ||    62
       Headbutt          ||     9
 Fire: Hand crossbow     ||    29
  Use: Potion            ||     1
 Stab: Sleeping          ||     1
Armor: Robe              ||    12
Dodge: Dodged            ||    47
